 Dungeon Crawl Stone Soup version 0.30-a0-149-g7f746667c4 (webtiles) character file.

Game seed: 8130037004062261640

21156 IdlyInterested the Cleaver (level 12, -11/95 HPs)
             Began as a Demonspawn Wanderer on Sept 26, 2022.
             Was a High Priest of Okawaru.
             Mangled by a six-headed hydra (12 damage)
             ... on level 3 of the Lair of Beasts.
             The game lasted 00:44:18 (13962 turns).

IdlyInterested the Cleaver (Demonspawn Wanderer)   Turns: 13962, Time: 00:44:19

Health: -11/95     AC: 20    Str: 29    XL:     12   Next: 51%
Magic:  0/18       EV: 11    Int: 16    God:    Okawaru [*****.]
Gold:   731        SH:  0    Dex: 11    Spells: 15/15 levels left

rFire   . . .      SeeInvis .    f - +4 battleaxe (flame)
rCold   . . .      Faith    .    (shield currently unavailable)
rNeg    . . .      Spirit   +    B - +1 chain mail {rPois}
rPois   +          Reflect  .    l - +2 hat of the Bear Spirit {Spirit, *Rage Will++}
rElec   .          Harm     .    M - +2 cloak {Stlth+}
rCorr   .          Rampage  .    H - +0 pair of gloves
Will    ++...      Clarity  +    (no boots)
Stlth   +.........               I - amulet of regeneration
HPRegen 1.05/turn                x - +6 ring of strength
MPRegen 0.16/turn                g - +6 ring of strength

@: heroic
A: hooves 1, foul stench 2, spiny 1, big brain 1, clarity, dopey 1
a: Renounce Religion, Heroism, Finesse, Duel


You were on level 3 of the Lair of Beasts.
You worshipped Okawaru.
Okawaru was extremely pleased with you.
You visited 3 branches of the dungeon, and saw 13 of its levels.
You also visited: Ossuary and Bailey.

You collected 731 gold pieces.

Inventory:

Hand Weapons
 f - a +4 battleaxe of flaming (weapon)
 h - a +1 vorpal executioner's axe
 F - the +5 long sword of Mutilation {drain, rElec rF+++ rN+ Stlth-}
   (You found it on level 6 of the Dungeon)

   A truly terrible weapon, it drains the life of any living foe it strikes.
   rF:        It renders you almost immune to fire.
   rElec:     It insulates you from electricity.
   rN:        It protects you from negative energy.
   Stlth:     It makes you less stealthy.
 R - a +0 war axe
Missiles
 d - 6 boomerangs
 n - 3 throwing nets
Armour
 e - +0 steam dragon scales
 l - the +2 hat of the Bear Spirit (worn) {Spirit, *Rage Will++}
   (You found it in a bailey)

   Going berserk makes the wearer tougher, and they're slowed less afterward.
   *Rage:     It berserks you when you make melee attacks (+20% chance).
   Will:      It greatly increases your willpower.
 p - a +4 scale mail
 z - a scarf of repulsion
 B - a +1 chain mail of poison resistance (worn)
 H - a +0 pair of gloves (worn)
 M - a +2 cloak of stealth (worn)
 O - a +0 helmet
 S - a +3 chain mail
 U - a +0 chain mail of willpower
 V - the +0 chain mail of the Wasteland {rC+}
   (Okawaru gifted it to you on level 3 of the Lair of Beasts)

   rC:        It protects you from cold.
Jewellery
 g - a +6 ring of strength (right hand)
 i - a ring of positive energy
 m - a ring of resist corrosion
 s - a +6 ring of strength
 x - a +6 ring of strength (left hand)
 y - a ring of magical power
 I - an amulet of regeneration (around neck)
 J - a ring of flight
 P - a ring of magical power
Wands
 o - a wand of flame (31) (quivered)
 r - a wand of mindburst (22)
 N - a wand of iceblast (4)
Scrolls
 c - 5 scrolls of fear
 j - 8 scrolls of teleportation
 u - 5 scrolls of identify
 C - 2 scrolls of vulnerability
 D - a scroll of poison
 T - 2 scrolls of amnesia
Potions
 a - 2 potions of mutation
 b - 4 potions of attraction
 k - 7 potions of curing
 t - 2 potions of cancellation
 v - 3 potions of invisibility
 w - 2 potions of berserk rage
 A - 3 potions of magic
 E - a potion of resistance
 G - 2 potions of brilliance
 L - 2 potions of haste
 Q - 2 potions of flight
Miscellaneous
 K - a condenser vane (inert)


   Skills:
 - Level 9.0(14.0) Fighting
 * Level 13.6(18.6) Axes
 - Level 8.0(13.0) Armour
 - Level 2.0(7.0) Dodging
 - Level 2.2 Spellcasting
 + Level 8.5 Invocations
 + Level 6.9 Evocations


You had 15 spell levels left.
You didn't know any spells.
Your spell library contained the following spells:

 Spells                   Type           Power      Damage    Failure   Level
 Freeze                   Ice            4%         1d3       58%         1
 Magic Dart               Conj           4%         1d3       58%         1
 Sting                    Tmut/Pois      4%         1d3       58%         1
 Poisonous Vapours        Pois/Air       2%         N/A       75%         2
 Confusing Touch          Hex            1%         N/A       92%         3
 Frozen Ramparts          Ice            2%         1d1       92%         3
 Mephitic Cloud           Conj/Pois/Air  1%         N/A       92%         3
 Hailstorm                Conj/Ice       1%         3d3       100%        4
 Leda's Liquefaction      Hex/Erth       0%         N/A       100%        4
 Olgreb's Toxic Radiance  Pois           1%         N/A       100%        4
 Petrify                  Tmut/Erth      1%         N/A       100%        4
 Borgnjor's Vile Clutch   Necr/Erth      0%         N/A       100%        5
 Lee's Rapid Deconstruct  Erth           0%         3d5*      100%        5
 Metabolic Englaciation   Hex/Ice        0%         N/A       100%        5
 Yara's Violent Unravell  Hex/Tmut       0%         3d3       100%        5
 Statue Form              Tmut/Erth      0%         N/A       100%        6
 Enfeeble                 Hex            0%         N/A       100%        7
 Call Imp                 Summ           Unusable   N/A       N/A         2
 Animate Dead             Necr           Unusable   N/A       N/A         4
 Death Channel            Necr           Unusable   N/A       N/A         6

Dungeon Overview and Level Annotations

Branches:
Dungeon (9/15)             Temple (1/1) D:7            Lair (3/5) D:9
  Swamp (0/4) Lair:2       Spider (0/4) Lair:2          Orc (0/2) D:9
Ossuary (visited)          Bailey (visited)

Altars:
Ashenzari
Cheibriados
Dithmenos
Fedhas
Gozag
Hepliaklqana
Kikubaaqudgha
Makhleb
Okawaru
Qazlal
Ru
Sif Muna
Trog
Uskayaw
Vehumet
Xom
Yredelemnul


Innate Abilities, Weirdness & Mutations

You have large cloven feet.
You sometimes emit foul miasma when damaged in melee.
You are partially covered in sharp spines.
You have an unusually large brain. (Int +2)
You possess an exceptional clarity of mind.
You are dopey. (Int -2)


Message History

You kill the queen bee!
Okawaru accepts your kill.
You feel better.
You chop one of the eight-headed hydra's heads off!
The flame cauterises the wound!
You slice the seven-headed hydra!! You burn the seven-headed hydra!
The seven-headed hydra is heavily wounded.
You hear an angry buzzing noise.
The seven-headed hydra is struck by your spines.
The seven-headed hydra bites you.
* * * LOW HITPOINT WARNING * * *
The seven-headed hydra bites you but does no damage.
The seven-headed hydra misses you.
The seven-headed hydra bites you but does no damage.
The seven-headed hydra bites you.
* * * LOW HITPOINT WARNING * * *
The seven-headed hydra closely misses you. x2
You chop one of the seven-headed hydra's heads off!
The flame cauterises the wound!
You slash the six-headed hydra! You burn the six-headed hydra.
Your kick misses the six-headed hydra.
The six-headed hydra is almost dead.
The six-headed hydra closely misses you. x2
The six-headed hydra bites you.
* * * LOW HITPOINT WARNING * * *
The six-headed hydra barely misses you. The six-headed hydra bites you.
* * * LOW HITPOINT WARNING * * *
You emit a cloud of foul miasma!
The six-headed hydra bites you.
* * * LOW HITPOINT WARNING * * *
Unknown command.
You barely miss the six-headed hydra.
The six-headed hydra is almost dead.
The six-headed hydra is engulfed in dark miasma.
The six-headed hydra is poisoned.
The six-headed hydra bites you but does no damage.
The six-headed hydra bites you.
* * * LOW HITPOINT WARNING * * *
The six-headed hydra bites you.
* * * LOW HITPOINT WARNING * * *
The six-headed hydra barely misses you. The six-headed hydra bites you!
You die...

. ......#####...
#####......
..#...# .#.P
###...#..
...#..... #
##....##.≈. #.
#######...#.# ...
#.. ##.....#.....
###
#...##..###...#
#####
#....#..†..#)##
#.#..
#@#####!#.####.#.P
#D## ##.#.##..#..
§§§ #...#....#.
#☼#§ #.#.#.≈..#.
.. #y#§
#.#.#...#.. .# #
#§ #.#.#.#..#. .
..#. .y
#...#....#.
####....# #[
##?#.##..#..
...#..≈.#
#(#.####.#.#


You could see a six-headed hydra (poisoned) and 2 killer bees.

Vanquished Creatures
  A catoblepas (Lair:1)
  Harold (D:9)
  A wizard (D:9)
  Pikel (D:5)
  A lindwurm (Lair:3)
  An oklob plant (Lair:3)
  A wolf spider (Lair:2)
  Joseph (D:9)
  A gargoyle (Bailey)
  A torpor snail (Lair:1)
  Maggie (Lair:2)
  2 rime drakes (Lair:3)
  2 komodo dragons
  A queen bee (Lair:3)
  A hornet (Lair:3)
  2 meliai (Lair:3)
  15 blink frogs
  6 wyverns
  19 yaks
  2 vampires
  A basilisk (Lair:3)
  3 steam dragons
  11 water moccasins
  3 black bears
  2 orc warriors
  2 hornet zombies (Ossuary)
  3 ice beasts
  A sky beast (D:7)
  2 centaurs
  11 wolves
  2 ogres
  A phantom (D:4)
  A kobold brigand (D:6)
  10 bullfrogs
  A necrophage (D:8)
  2 wyvern zombies (Ossuary)
  4 scorpions
  A water moccasin zombie (Ossuary)
  24 killer bees
  5 vampire bats (Bailey)
  3 electric eels
  2 howler monkeys
  5 wolf zombies (Bailey)
  8 bullfrog zombies (Ossuary)
  4 hounds
  4 orc priests
  2 centaur zombies (Ossuary)
  2 iguanas
  Terence (D:3)
  Ijyb (D:4)
  An orc wizard (D:8)
  5 killer bee zombies (Ossuary)
  12 mummies (Ossuary)
  A howler monkey zombie (Ossuary)
  11 gnolls
  6 adders
  A shadow imp (D:3)
  A white imp (D:6)
  2 ufetubi (D:4)
  5 worms
  4 dart slugs
  31 orcs
  7 ball pythons
  7 bats
  9 endoplasms
  4 giant cockroaches
  5 goblins
  10 hobgoblins
  7 jackals (D:1)
  5 quokkas
  A frilled lizard (D:2)
  12 kobolds
  21 orc zombies (Bailey)
  5 rats
  A bush (Lair:3)
357 creatures vanquished.

Vanquished Creatures (others)
  15 fungi
  6 plants
  7 withered plants (Ossuary)
28 creatures vanquished.

Grand Total: 385 creatures vanquished

Notes
Turn   | Place    | Note
-------+----------+-------------------------------------------
     0 | D:1      | IdlyInterested the Demonspawn Wanderer began the quest for
                  | the Orb.
     0 | D:1      | IdlyInterested set off with the following items: a +0 club,
                  | a potion of attraction, a scroll of fear, a +0 chain mail.
     0 | D:1      | Reached XP level 1. HP: 19/19 MP: 2/2
   382 | D:1      | Gained mutation: You are partially covered in sharp spines.
                  | [demonic ancestry]
   382 | D:1      | Reached XP level 2. HP: 22/25 MP: 2/4
   662 | D:1      | Reached XP level 3. HP: 29/30 MP: 6/6
   936 | D:1      | Reached skill level 1 in Dodging
  1195 | D:2      | Identified a scroll of acquirement
  1195 | D:2      | Acquired a +0 vorpal executioner's axe
  1381 | D:2      | Found a faded altar of an unknown god.
  1577 | D:2      | Gained mutation: You may rarely emit foul miasma when
                  | damaged in melee. [demonic ancestry]
  1577 | D:2      | Reached XP level 4. HP: 37/37 MP: 7/7
  1936 | D:2      | Reached skill level 1 in Axes
  2189 | D:3      | Noticed a scorpion
  2193 | D:3      | Killed a scorpion
  2194 | D:3      | Reached XP level 5. HP: 31/43 MP: 8/8
  2223 | D:3      | Reached skill level 2 in Axes
  2460 | D:3      | Noticed Terence
  2465 | D:3      | Killed Terence
  2561 | D:3      | Found a shimmering blue altar of Sif Muna.
  3392 | D:4      | Noticed a black bear
  3402 | D:4      | Killed a black bear
  3403 | D:4      | Reached skill level 3 in Axes
  3403 | D:4      | Gained mutation: You have an unusually large brain. (Int
                  | +2) [demonic ancestry]
  3403 | D:4      | Reached XP level 6. HP: 21/50 MP: 9/9
  3551 | D:4      | Reached skill level 5 in Fighting
  3599 | D:4      | Found a sand-covered staircase.
  3608 | Ossuary  | Entered an ossuary
  3839 | Ossuary  | Reached skill level 4 in Axes
  3839 | Ossuary  | Gained mutation: You sometimes emit foul miasma when
                  | damaged in melee. [demonic ancestry]
  3839 | Ossuary  | Reached XP level 7. HP: 28/56 MP: 10/10
  4286 | Ossuary  | Reached skill level 5 in Axes
  4467 | Ossuary  | Reached XP level 8. HP: 52/64 MP: 11/11
  4490 | Ossuary  | Reached skill level 5 in Armour
  4618 | Ossuary  | Reached skill level 6 in Axes
  4847 | D:4      | Noticed Ijyb
  4853 | D:4      | Killed Ijyb
  5417 | D:5      | Entered Level 5 of the Dungeon
  5978 | D:5      | Noticed Pikel
  5985 | D:5      | Killed Pikel
  5986 | D:5      | Reached skill level 7 in Axes
  5986 | D:5      | Reached XP level 9. HP: 46/72 MP: 12/12
  6378 | D:5      | Found a shadowy altar of Dithmenos.
  6629 | D:6      | Found a stormy altar of Qazlal.
  6909 | D:6      | Identified the +5 long sword of Mutilation {drain, rElec
                  | rF+++ rN+ Stlth-}
  6916 | D:6      | Reached skill level 8 in Axes
  7265 | D:6      | Found a burning altar of Makhleb.
  7274 | D:6      | Found an opulent altar of Gozag.
  7281 | D:6      | Found an ancient bone altar of Kikubaaqudgha.
  7590 | D:6      | Noticed an angel
  7592 | D:6      | Gained mutation: You are dopey. (Int -2) [potion of
                  | mutation]
  7592 | D:6      | Gained mutation: You possess an exceptional clarity of
                  | mind. [potion of mutation]
  7620 | D:7      | Found a staircase to the Ecumenical Temple.
  7925 | D:7      | Found a snail-covered altar of Cheibriados.
  8081 | D:7      | Found a flagged portal.
  8091 | Bailey   | Entered a bailey
  8121 | Bailey   | Reached skill level 9 in Axes
  8260 | Bailey   | Gained mutation: You have large cloven feet. [demonic
                  | ancestry]
  8260 | Bailey   | Reached XP level 10. HP: 80/80 MP: 13/13
  8292 | Bailey   | Noticed a gargoyle
  8300 | Bailey   | Killed a gargoyle
  8442 | Bailey   | Found the +2 hat of the Bear Spirit {Spirit, *Rage Will++}
  8473 | Bailey   | Identified the +1 ring mail of Resourcefulness {Will- Str+9
                  | Dex+2}
  8685 | Temple   | Entered the Ecumenical Temple
  9307 | Temple   | Became a worshipper of Warmaster Okawaru
 10545 | D:8      | Reached skill level 10 in Axes
 10719 | D:9      | Found a sacrificial altar of Ru.
 10811 | D:9      | Noticed a wizard
 10817 | D:9      | Killed a wizard
 10817 | D:9      | Reached * piety under Okawaru
 10818 | D:9      | Noticed Harold
 10827 | D:9      | Killed Harold
 10879 | D:9      | Reached skill level 1 in Invocations
 10966 | D:9      | Found a staircase to the Orcish Mines.
 11001 | D:9      | Noticed Joseph
 11007 | D:9      | Killed Joseph
 11007 | D:9      | Reached ** piety under Okawaru
 11008 | D:9      | Reached skill level 11 in Axes
 11031 | D:9      | Found a blossoming altar of Fedhas.
 11055 | D:9      | Found a staircase to the Lair.
 11060 | D:9      | Reached XP level 11. HP: 89/89 MP: 14/14
 11557 | Lair:1   | Entered Level 1 of the Lair of Beasts
 11649 | Lair:1   | Reached *** piety under Okawaru
 11753 | Lair:1   | Reached **** piety under Okawaru
 11754 | Lair:1   | Reached skill level 12 in Axes
 11754 | Lair:1   | Reached skill level 5 in Invocations
 11923 | Lair:1   | Reached skill level 5 in Evocations
 11925 | Lair:1   | Reached ***** piety under Okawaru
 11968 | Lair:1   | Noticed a catoblepas
 11974 | Lair:1   | Killed a catoblepas
 12389 | Lair:2   | Found a staircase to the Swamp.
 12439 | Lair:2   | Found a hole to the Spider Nest.
 12439 | Lair:2   | Noticed a wolf spider
 12446 | Lair:2   | Killed a wolf spider
 12447 | Lair:2   | Reached XP level 12. HP: 77/95 MP: 12/17
 12537 | Lair:2   | Noticed Maggie
 12544 | Lair:2   | Killed Maggie
 13419 | Lair:3   | Reached skill level 13 in Axes
 13904 | Lair:3   | Identified the +0 chain mail of the Wasteland {rC+}
                  | (Okawaru gifted it to you on level 3 of the Lair of Beasts)
 13904 | Lair:3   | Received a gift from Okawaru
 13946 | Lair:3   | Noticed an eight-headed hydra
 13962 | Lair:3   | HP: 1/95 [six-headed hydra (4)]
 13962 | Lair:3   | Mangled by a six-headed hydra

Illustrated notes

Levels and vault maps discovered:
D:1:      dpeg_arrival_shelter, layout_basic
D:2:      layout_basic, dreamdust_ecumenical_altar_grove, grunt_ministairs_9
D:3:      layout_loops_cross, lemuel_blue_sif_altar, uniq_terence
D:4:      layout_gridville, enter_ossuary_1, uniq_ijyb
D:5:      layout_rooms, grunt_dithmenos_smoke, uniq_pikel
D:6:      nicolae_cairo_tiling_large, layout_rooms,
          nicolae_qazlal_general_emergency, zin_angel,
          grunt_temple_overflow_diamond, minmay_misc_feat_alley
D:7:      layout_loops_corners, mainiacjoe_overflow_alcove_4,
          minmay_temple_entry_offerings, enter_bailey_7
D:8:      layout_layer_cave
D:9:      cheibrodos_wizards_tower, layout_loops_ring,
          mainiacjoe_overflow_alcove_2, fedhas_altar_2, dpeg_oklobed_lair,
          minmay_sticks_and_stones, uniq_harold
Temple:   hellmonk_temple_two_chambers
Lair:1:   beast_lair_carwin_large_3, layout_chaotic_city, grunt_megastairs_4
Lair:2:   layout_cellular_growth, swamp_mist, spider_nest_entry_rubble,
          st_stairs_12, serial_bayou_shore_a, uniq_maggie
Lair:3:   regret_index_tunnel_blossom, layout_chaotic_city,
          minmay_lair_oklob_bushes, dreamdust_wasp_nest

Skill      XL: |  1  2  3  4  5  6  7  8  9 10 11 12 |
---------------+-------------------------------------+-----
Armour         | 4 6 7 8 |  8.0
Spellcasting   | 2 |  2.2
Dodging        | 1 2 |  2.0
Axes           | 1 3 4 5 7 9 11 12 13 | 13.6
Evocations     | 2 5 6 |  6.9
Fighting       | 5 7 8 9 |  9.0
Invocations    | 2 6 8 |  8.5

Action                   |  1- 3 |  4- 6 |  7- 9 | 10-12 || total
-------------------------+-------+-------+-------+-------++-------
Melee: Club              |    31 |       |       |       ||    31
       Mace              |    61 |       |       |       ||    61
       Executioner's axe |    16 |    98 |   250 |   307 ||   671
       Kick              |       |       |       |    77 ||    77
       Battleaxe         |       |       |       |     9 ||     9
Invok: Heroism           |       |       |       |     1 ||     1
       Finesse           |       |       |       |     1 ||     1
Evoke: Wand              |       |       |       |    12 ||    12
       Condenser vane    |       |       |       |     1 ||     1
  Use: Scroll            |     1 |     7 |    11 |     8 ||    27
       Potion            |       |     1 |     2 |     7 ||    10
Armor: Chain mail        |    90 |     7 |   136 |   239 ||   472
       Scale mail        |       |    59 |    53 |       ||   112
Dodge: Dodged            |    42 |    59 |   151 |   196 ||   448
       Repelled          |       |       |     1 |       ||     1

Table legend: (Time is in decaauts)
 A = Elapsed time spent in this place.
 B = Non-inter-level travel time spent in this place.
 C = Inter-level travel time spent in this place.
 D = Time resting spent in this place.
 E = Time spent auto-exploring this place.
 F = Levels seen in this place.
 G = Mean time per level.
                   A        B        C        D        E       F      G
               +--------+--------+--------+--------+--------+-----+--------+
         Total |  14361 |  12767 |   1594 |   2042 |   6924 |  15 |  957.4 |
       Dungeon |  10033 |   8687 |   1346 |   1100 |   5164 |   9 | 1114.8 |
        Temple |     47 |     38 |      9 |      0 |     11 |   1 |   47.0 |
          Lair |   2461 |   2222 |    239 |      0 |   1664 |   3 |  820.3 |
       Ossuary |   1319 |   1319 |      0 |    861 |     16 |   1 | 1319.0 |
        Bailey |    499 |    499 |      0 |     81 |     68 |   1 |  499.0 |
               +--------+--------+--------+--------+--------+-----+--------+

Top non-repeatable levels by time:
     D:8: 1343 daAuts
 Ossuary: 1319 daAuts
     D:7: 1301 daAuts
     D:2: 1258 daAuts
     D:4: 1226 daAuts
     D:1: 1203 daAuts
  Lair:2: 1018 daAuts
     D:6: 1017 daAuts
     D:3: 950 daAuts
     D:5: 948 daAuts
  Lair:1: 943 daAuts
     D:9: 783 daAuts
  Bailey: 499 daAuts
  Lair:3: 499 daAuts
  Temple: 47 daAuts
